 Dungeon Crawl Stone Soup version 0.27.1-3-gb3d3a73c9e (webtiles) character file.

Game seed: 9636020093782643165

12236 Crownlay the Destroyer (level 11, -7/79 HPs)
             Began as a Purple Draconian Artificer on Oct 19, 2021.
             Was an Elder of Sif Muna.
             Mangled by Rupert (18 damage)
             ... while paralysed by Rupert
             ... on level 13 of the Dungeon.
             The game lasted 00:26:48 (14137 turns).

Crownlay the Destroyer (DrAr)                      Turns: 14137, Time: 00:26:48

Health: -7/79      AC: 11    Str: 14    XL:     11   Next: 59%
Magic:  17/25      EV:  2    Int: 16    God:    Sif Muna [****..]
Gold:   569        SH:  0    Dex: 11    Spells: 27/30 levels left

rFire    . . .     SeeInvis .   F - +4 long sword (flame)
rCold    . . .     Faith    .   (no shield)
rNeg     + . .     Spirit   .   (armour unavailable)
rPois    .         Reflect  +   (helmet restricted)
rElec    .         Harm     .   r - +0 cloak
rCorr    .         Rampage  .   N - +1 pair of gloves
Will     +....                  B - +0 pair of boots
Stlth    +.........             K - amulet of reflection
HPRegen  0.23/turn              l - +4 ring of evasion
MPRegen  0.19/turn              H - ring of positive energy

@: paralysed
A: breathe power, AC +7, unfitting armour, cold-blooded
a: Breathe Dispelling Energy, Renounce Religion, Channel Magic, Forget Spell,
Divine Exegesis


You were on level 13 of the Dungeon.
You worshipped Sif Muna.
Sif Muna was greatly pleased with you.
You visited 1 branch of the dungeon, and saw 11 of its levels.
You also visited: Ossuary.

You collected 569 gold pieces.

Inventory:

Hand Weapons
 F - a +4 long sword of flaming (weapon)
Missiles
 L - a curare-tipped dart
Armour
 r - a +0 cloak (worn)
 B - a +0 pair of boots (worn)
 N - a +1 pair of gloves (worn)
Magical Staves
 p - a staff of earth
 G - a staff of poison
Jewellery
 l - a +4 ring of evasion (left hand)
 y - a ring of ice
 H - a ring of positive energy (right hand)
 K - an amulet of reflection (around neck)
Wands
 b - a wand of flame (24)
 c - a wand of charming (14)
 v - a wand of iceblast (6)
 C - a wand of paralysis (8)
 J - a wand of acid (10)
Scrolls
 a - 3 scrolls of blinking
 f - a scroll of identify
 g - 2 scrolls of magic mapping
 m - 5 scrolls of fog
 n - 2 scrolls of amnesia
 q - a scroll of summoning
 t - 4 scrolls of teleportation
 w - a scroll of silence
 x - 2 scrolls of vulnerability
 D - a scroll of holy word
 E - 2 scrolls of fear
 I - a scroll of immolation {unknown}
 M - a scroll of enchant armour {unknown}
Potions
 e - 4 potions of mutation
 i - a potion of might {unknown}
 j - 3 potions of flight
 k - 2 potions of brilliance
 o - 4 potions of heal wounds
 s - 3 potions of curing
 u - 2 potions of cancellation
 z - 2 potions of lignification
 A - 3 potions of resistance
Miscellaneous
 d - a piece from Xom's chessboard (15/15)


   Skills:
 - Level 2.1 Fighting
 - Level 2.1 Dodging
 - Level 0.8 Stealth
 - Level 10.0 Spellcasting
 * Level 14.0 Conjurations
 + Level 6.2 Fire Magic
 - Level 4.3 Evocations


You had 27 spell levels left.
You knew the following spells:

 Your Spells              Type           Power      Damage    Failure   Level
a - Searing Ray           Conj           100%       3d7       1%          2
b - Magic Dart            Conj           100%       1d8       1%          1

Your spell library contained the following spells:

 Spells                   Type           Power      Damage    Failure   Level
 Shock                    Conj/Air       100%       1d9       1%          1
 Static Discharge         Conj/Air       30%        N/A       1%          2
 Dazzling Flash           Conj/Hex       60%        N/A       1%          3
 Fulminant Prism          Conj/Hex       15%        3d11      4%          4
 Iskenderun's Mystic Bla  Conj/Tloc      30%        2d8       4%          4
 Apportation              Tloc           16%        N/A       9%          1
 Sting                    Tmut/Pois      32%        1d4       9%          1
 Starburst                Conj/Fire      20%        6d7       22%         6
 Gell's Gravitas          Tloc           4%         N/A       26%         3
 Lesser Beckoning         Tloc           4%         N/A       26%         3
 Teleport Other           Tloc           8%         N/A       26%         3
 Iron Shot                Conj/Erth      15%        9d4       61%         6
 Airstrike                Air            4%         N/A       65%         4
 Alistair's Intoxication  Tmut/Pois      5%         N/A       94%         5
 Blade Hands              Tmut           4%         N/A       94%         5
 Invisibility             Hex            4%         N/A       100%        6
 Animate Armour           Summ/Erth      Unusable   N/A       N/A         4

Dungeon Overview and Level Annotations

Branches:
Dungeon (10/15)            Temple (0/1) D:6            Lair (0/6) D:9
Ossuary (visited)
    Orc: D:9-12

Altars:
Cheibriados
Dithmenos
Gozag
Hepliaklqana
Kikubaaqudgha
Nemelex Xobeh
Okawaru
Qazlal
Ru
Sif Muna
Beogh

Annotations:
D:10 3 runed translucent doors, loralnil's ghost, novice MfTm
D:13 Nessos; Rupert; Urug


Innate Abilities, Weirdness & Mutations

You can breathe bolts of dispelling energy.
Your rich purple scales are hard. (AC +7)
You cannot fit into any form of body armour.
You are cold-blooded and may be slowed by cold attacks.


Message History

The searing ray hits the human!
The human is moderately wounded.
The searing ray hits Rupert!
Rupert is lightly wounded.
The searing ray hits the basilisk!
The basilisk is heavily wounded.
Nessos blinks!
A human comes into view.
The searing ray misses Rupert.
The searing ray hits the basilisk!
The basilisk is almost dead.
The searing ray hits Urug.
Urug is lightly wounded.
Nessos blinks!
The human closely misses you.
Rupert hits you with a +4 triple sword of holy wrath!
A human comes into view.
The searing ray hits Rupert but does no damage.
Rupert is lightly wounded.
The searing ray hits the basilisk.
The basilisk is almost dead.
The searing ray hits the human!
The human is heavily wounded.
The searing ray hits the human!
The human is moderately wounded.
You finish channeling your searing ray.
The human shouts!
Nessos blinks!
The human hits you but does no damage. Rupert roars wildly at you.
You suddenly lose the ability to move!
Nessos blinks!
The human hits you but does no damage.
Rupert hits you with a +4 triple sword of holy wrath!!
The human hits you.
Rupert roars madly and goes into a rage!
Rupert goes berserk!
Rupert completely misses you. The human hits you but does no damage.
Rupert hits you with a +4 triple sword of holy wrath!!
* * * LOW HITPOINT WARNING * * *
The human hits you.
* * * LOW HITPOINT WARNING * * *
Rupert hits you with a +4 triple sword of holy wrath!!
You die... ### ################..... .............@p...... ########..####@###### #..# pl# #..# #ppo #..# pppp

###########..#####ppcp..
.).................p....
##########.#######......
#.#


You could see Rupert (berserk), Nessos (fast), Urug, a basilisk and 12 humans.

Vanquished Creatures
  2 two-headed ogres
  A deep elf pyromancer (D:8)
  A manticore (D:9)
  A komodo dragon (D:9)
  2 kobold demonologists (D:9)
  A troll (D:10)
  2 hornets (D:9)
  A wraith (D:9)
  A vampire (D:8)
  A shadow (D:9)
  2 wyverns (D:8)
  8 yaks
  3 humans
  A steam dragon (D:7)
  An acid dragon (D:9)
  2 water moccasins
  An ice beast (D:6)
  2 orc warriors
  2 black bears
  A hornet zombie (Ossuary)
  A necrophage (D:6)
  4 ogres
  8 centaurs
  3 kobold brigands (D:9)
  5 bullfrogs
  A wyvern zombie (D:6)
  4 scorpions
  3 water moccasin zombies (Ossuary)
  A wyvern skeleton (D:6)
  2 killer bees (D:9)
  21 wights
  3 howler monkeys
  6 bullfrog zombies
  6 centaur zombies
  2 jellies
  3 orc priests
  2 bullfrog skeletons
  2 hounds
  13 mummies (Ossuary)
  Crazy Yiuf (D:2)
  3 centaur skeletons
  6 orc wizards
  Terence (D:2)
  3 killer bee zombies
  A hound zombie (D:5)
  A spectral howler monkey (D:10)
  4 howler monkey zombies
  3 gnolls (D:5)
  2 howler monkey skeletons
  9 adders
  A shadow imp (D:6)
  2 white imps
  3 ufetubi
  An adder skeleton (D:4)
  2 worms (D:2)
  3 dart slugs
  23 orcs
  4 ball pythons
  8 endoplasms
  4 giant cockroaches
  7 goblins
  6 hobgoblins
  14 kobolds
  6 quokkas
  5 bats
  3 frilled lizards
  4 rats
256 creatures vanquished.

Vanquished Creatures (others)
  12 fungi (D:9)
  28 plants
  7 withered plants (Ossuary)
47 creatures vanquished.

Grand Total: 303 creatures vanquished

Notes
Turn   | Place    | Note
-------+----------+-------------------------------------------
     0 | D:1      | Crownlay the Draconian Artificer began the quest for the
                  | Orb.
     0 | D:1      | Reached XP level 1. HP: 16/16 MP: 1/1
   338 | D:1      | Reached XP level 2. HP: 23/23 MP: 2/2
   631 | D:1      | Reached skill level 1 in Conjurations
   664 | D:1      | Found a faded altar of an unknown god.
   754 | D:1      | Reached XP level 3. HP: 28/28 MP: 3/3
   978 | D:2      | Noticed Terence
   997 | D:2      | Killed Terence
   998 | D:2      | Reached skill level 1 in Spellcasting
  1120 | D:2      | Reached skill level 2 in Conjurations
  1261 | D:2      | Reached XP level 4. HP: 32/35 MP: 5/5
  1270 | D:2      | Learned a level 2 spell: Searing Ray
  1662 | D:2      | Learned a level 1 spell: Magic Dart
  1947 | D:2      | Found a runed translucent door.
  1948 | D:2      | Noticed Crazy Yiuf
  2298 | D:3      | Reached skill level 3 in Conjurations
  2298 | D:3      | Reached XP level 5. HP: 33/40 MP: 7/7
  2742 | D:4      | Noticed an ogre
  2749 | D:4      | Killed an ogre
  2750 | D:4      | Reached skill level 4 in Conjurations
  2750 | D:4      | Reached XP level 6. HP: 29/47 MP: 8/8
  2877 | D:4      | Reached skill level 5 in Conjurations
  3228 | D:4      | Found a shimmering blue altar of Sif Muna.
  3236 | D:4      | Became a worshipper of Sif Muna the Loreminder
  3810 | D:4      | Reached skill level 6 in Conjurations
  4006 | D:2      | Killed Crazy Yiuf
  4112 | D:5      | Entered Level 5 of the Dungeon
  4118 | D:5      | Your scales start taking on a rich purple colour.
  4118 | D:5      | Reached XP level 7. HP: 52/52 MP: 3/9
  4188 | D:5      | Found a sand-covered staircase.
  4199 | Ossuary  | Entered an ossuary
  4292 | Ossuary  | Reached skill level 7 in Conjurations
  4337 | Ossuary  | Reached * piety under Sif Muna
  4668 | Ossuary  | Reached skill level 8 in Conjurations
  4668 | Ossuary  | Reached XP level 8. HP: 43/59 MP: 3/13
  5327 | D:5      | Reached skill level 9 in Conjurations
  5469 | D:5      | Found a snail-covered altar of Cheibriados.
  5469 | D:5      | Found a sacrificial altar of Ru.
  5564 | D:5      | Reached skill level 5 in Spellcasting
  5779 | D:5      | Found an opulent altar of Gozag.
  6243 | D:6      | Found a staircase to the Ecumenical Temple.
  6417 | D:6      | Reached ** piety under Sif Muna
  6418 | D:6      | Reached XP level 9. HP: 62/67 MP: 8/17
  6630 | D:6      | Reached skill level 10 in Conjurations
  6817 | D:6      | Found a sparkling altar of Nemelex Xobeh.
  6819 | D:6      | Found a stormy altar of Qazlal.
  7858 | D:7      | Reached skill level 11 in Conjurations
  8162 | D:7      | Reached *** piety under Sif Muna
  9137 | D:8      | Reached skill level 1 in Fire Magic
  9137 | D:8      | Reached XP level 10. HP: 54/73 MP: 14/21
  9713 | D:8      | Noticed a deep elf pyromancer
  9718 | D:8      | Killed a deep elf pyromancer
  9719 | D:8      | Reached skill level 12 in Conjurations
 10055 | D:8      | Identified the +8 hunting sling "Lisisio" {flame, *Corrode
                  | rElec rN+++ Will-}
 10463 | D:8      | Found an iron altar of Okawaru.
 10615 | D:8      | Got the Catalogue of Feathery Intoxication
 10734 | D:8      | Found a hazy altar of Hepliaklqana.
 10919 | D:9      | Paralysed by a hornet for 1 turns
 11291 | D:9      | Paralysed by a hornet for 3 turns
 11574 | D:9      | Noticed a manticore
 11616 | D:9      | Killed a manticore
 11690 | D:9      | Paralysed by a hornet for 3 turns
 11692 | D:9      | HP: 3/73 [hornet (9)]
 11919 | D:9      | Reached **** piety under Sif Muna
 12134 | D:9      | Reached skill level 13 in Conjurations
 12220 | D:9      | Reached XP level 11. HP: 64/79 MP: 2/24
 12547 | D:9      | Noticed a two-headed ogre
 12555 | D:9      | Killed a two-headed ogre
 12737 | D:9      | Reached skill level 5 in Fire Magic
 12901 | D:9      | Found a shadowy altar of Dithmenos.
 13150 | D:9      | Found a staircase to the Lair.
 13269 | D:10     | Entered Level 10 of the Dungeon
 13582 | D:10     | Reached skill level 10 in Spellcasting
 13838 | D:10     | Found an ancient bone altar of Kikubaaqudgha.
 13845 | D:10     | Noticed a two-headed ogre
 13853 | D:10     | Killed a two-headed ogre
 13854 | D:10     | Reached skill level 14 in Conjurations
 13964 | D:10     | Found a runed translucent gate.
 13964 | D:10     | Found a runed translucent gate.
 13966 | D:10     | Found a runed translucent gate.
 13967 | D:10     | Noticed loralnil's ghost (novice MfTm)
 13987 | D:10     | You fall into a shaft and drop 3 floors!
 14125 | D:13     | Noticed Rupert
 14127 | D:13     | Noticed Nessos
 14128 | D:13     | Noticed Urug
 14133 | D:13     | Paralysed by Rupert for 5 turns
 14137 | D:13     | Mangled by Rupert

Illustrated notes

Levels and vault maps discovered:
D:1:      mrwooster_arrival_statue_3, layout_basic,
          ebering_ecumenical_altar_abandoned, minmay_heptomino_l4
D:2:      layout_basic, amcnicky_mini_pool_small, uniq_crazy_yiuf_cottage,
          uniq_terence
D:3:      layout_loops_cross
D:4:      layout_loops_ring, kennysheep_little_box, kennysheep_generic_room_3
D:5:      layout_loops_ring, nicolae_overflow_hidden_temple,
          gammafunk_temple_overflow_elements, enter_ossuary_1,
          serial_bayou_lagoon_a
D:6:      layout_loops_corners, minitemple, minmay_temple_entry_sparse_star,
          minmay_circle_x
D:7:      layout_loops_ring
D:8:      minmay_tri_box, layout_cave_pods, okawaru_humans,
          worldfamousw_hep_ancestral_shrine
D:9:      minmay_recursive_quarters, layout_cave_pools, grunt_dithmenos_shadows,
          grunt_lair_entry_orc_guard_hut
D:10:     layout_rooms, kiku_gazebo_garden_becter, biasface_ghost_orc_armoury,
          hangedman_weighted_door
D:13:     layout_long_grid, david_vaults_3

Skill      XL: |  1  2  3  4  5  6  7  8  9 10 11 |
---------------+----------------------------------+-----
Conjurations   | 1 2 3 4 6 8 9 11 13 14 | 14.0
Spellcasting   | 1 3 5 7 9 10 | 10.0
Evocations     | 4 |  4.3
Fighting       | 2 |  2.1
Fire Magic     | 1 4 6 |  6.2
Dodging        | |  2.1
Stealth        | |  0.8

Action                   |  1- 3 |  4- 6 |  7- 9 | 10-12 || total
-------------------------+-------+-------+-------+-------++-------
Melee: Club              |    23 |       |       |       ||    23
       Tailslap          |     8 |    27 |    18 |       ||    53
       Short sword       |    75 |   157 |   130 |       ||   362
 Cast: Magic Dart        |       |    14 |     7 |       ||    21
       Searing Ray       |       |     4 |    72 |    84 ||   160
Evoke: Wand              |     3 |       |       |       ||     3
  Use: Scroll            |       |     4 |    18 |     6 ||    28
       Potion            |       |       |       |     3 ||     3
 Stab: Sleeping          |     4 |     1 |       |       ||     5
Armor: Skin              |    29 |    45 |    56 |    51 ||   181
Dodge: Dodged            |    63 |   140 |   184 |   180 ||   567
